 Dungeon Crawl Stone Soup version bcrawl-1.35.5c (webtiles) character file.

Game seed: 9799828267044795255

88127 Danton1414 the Grave Robber (level 3, -6/24 HPs)
             Began as a Demonspawn Necromancer on Mar 18, 2022.
             Killed from afar by a crimson imp (7 damage)
             ... with a flame tongue
             ... on level 3 of the Dungeon.
             The game lasted 00:11:44 (2022 turns).

Danton1414 the Grave Robber (DsNe)                  Turns: 2022, Time: 00:11:44

Health: -6/24      AC:  3    Str:  8    XL:     3   Next: 39%
Magic:  3/6        EV: 12    Int: 17    God:
Gold:   392        SH:  0    Dex: 13    Spells: 4/6 levels left

rFire    . . .     SeeInvis .   a - +1 dagger
rCold    . . .     Gourm    .   (no shield)
rNeg     . . .     Faith    .   b - +0 robe
rPois    .         Spirit   .   (no helmet)
rElec    .         Reflect  .   (no cloak)
rCorr    .                      (no gloves)
MR       .....                  (no boots)
Stlth    ++........             (no amulet)
HPRegen  0.08/turn              (no ring)
MPRegen  0.10/turn              (no ring)

@: no status effects
A: talons 1, rugged brown scales 1
a: no special abilities


You were on level 3 of the Dungeon.
You were not hungry.

You visited 1 branch of the dungeon, and saw 3 of its levels.

You collected 392 gold pieces.

Inventory:

Hand Weapons
 a - a +1 dagger (weapon)
Missiles
 d - 610 stones (quivered)
 m - 200 arrows
Armour
 b - a +0 robe (worn)
Scrolls
 c - 2 scrolls of teleportation {unknown}
 f - a scroll of amnesia {unknown}
 i - a scroll of identify
 l - a scroll of fog {unknown}
 o - 2 scrolls of magic mapping {unknown}
 p - a scroll of enchant armour {unknown}
Potions
 g - 4 potions of curing {unknown}
 h - 2 potions of haste {unknown}
 j - a potion of might {unknown}
 k - 2 potions of brilliance {unknown}
Comestibles
 e - 4 rations {!d}


   Skills:
 + Level 0.1 Short Blades
 + Level 1.9 Dodging
 + Level 2.1 Stealth
 + Level 2.3 Spellcasting
 + Level 5.3 Necromancy


You had 4 spell levels left.
You knew the following spells:

 Your Spells              Type           Power        Failure   Level  Hunger
a - Pain                  Necr           ###...       1%          1    None
b - Animate Skeleton      Necr           N/A          1%          1    None

Your spell library contained the following spells:

 Spells                   Type           Power        Failure   Level  Hunger
 Vampiric Draining        Necr           ###.......   6%          3    ####...
 Agony                    Necr           ###.....     21%         4    ######.
 Animate Dead             Necr           N/A          21%         4    ######.
 Dispel Undead            Necr           ###.....     50%         5    #######


Dungeon Overview and Level Annotations

Branches:
Dungeon (3/12)

Altars:
Gozag
The Shining One


Innate Abilities, Weirdness & Mutations

You have sharp toenails.
You are partially covered in rugged brown scales. (AC +1, +3% HP)


Message History

The ooze hits you.
* * * LOW HITPOINT WARNING * * *
The crimson imp hits you but does no damage.
Casting: Pain (safe; 1% risk of failure)
Confirm with . or Enter, or press ? or * to list all spells.
Aiming: Pain (safe; 1% risk of failure)
Press: ? - help, Shift-Dir - straight line, f/p - ooze
Aim: an ooze (lightly wounded, chance to defeat MR: 78%)
The ooze writhes in agony.
The ooze hits you.
* * * LOW HITPOINT WARNING * * *
The crimson imp barely misses you.
Casting: Pain (safe; 1% risk of failure)
Confirm with . or Enter, or press ? or * to list all spells.
Aiming: Pain (safe; 1% risk of failure)
Press: ? - help, Shift-Dir - straight line, f/p - ooze
Aim: an ooze (severely wounded, chance to defeat MR: 78%)
The ooze barely resists.
The ooze barely misses you. The crimson imp breathes fire at you.
The flame tongue hits you!
You die...

## ########### #.
......J@5g# ### #.
#####.###.# #.## #.
#... #.# ##..## #<
..gg....# #.#.##g#
#....###. .gr....
#..#..#.# ##.##..##.
. ...... #..# #...#
#..###.##. .. .....
#..# ##..## #.##
#.... ... ...##..##.
.##..####.# ##....
.... .5...#
..#..##..##..###...##


You could see a gnoll, a crimson imp and an ooze.

Vanquished Creatures
  3 dart slugs
  4 leopard geckos
  An orc (D:2)
  2 bats
  3 hobgoblins (D:1)
  A quokka (D:2)
  3 goblins
  8 kobolds
  6 rats
31 creatures vanquished.

Vanquished Creatures (collateral kills)
  A bat (D:1)
  A frilled lizard (D:1)
  2 rats (D:1)
4 creatures vanquished.

Vanquished Creatures (others)
  4 toadstools (D:1)
4 creatures vanquished.

Grand Total: 39 creatures vanquished

Notes
Turn   | Place    | Note
-------+----------+-------------------------------------------
     0 | D:1      | Danton1414 the Demonspawn Necromancer began the quest for
                  | the Orb.
     0 | D:1      | Reached XP level 1. HP: 13/13 MP: 3/3
   162 | D:1      | Gained mutation: You have sharp toenails. [demonic
                  | ancestry]
   162 | D:1      | Reached XP level 2. HP: 15/19 MP: 3/5
   280 | D:1      | Reached skill level 5 in Necromancy
  1067 | D:2      | Gained mutation: You are partially covered in rugged brown
                  | scales. (AC +1, +3% HP) [demonic ancestry]
  1067 | D:2      | Reached XP level 3. HP: 18/24 MP: 4/6
  1349 | D:2      | Found an opulent altar of Gozag.
  1944 | D:3      | Found a glowing golden altar of the Shining One.
  2021 | D:3      | HP: 1/24 [ooze (1)]
  2022 | D:3      | Killed from afar by a crimson imp

Skill      XL: |  1  2 |
---------------+-------+-----
Necromancy     | 5 |  5.3
Short Blades   | |  0.1
Dodging        | |  1.9
Stealth        | |  2.1
Spellcasting   | |  2.3

Action                   || total
-------------------------++-------
Melee: Dagger            ||    35
       Kick              ||     2
 Cast: Pain              ||    48
       Animate Skeleton  ||    17
  Eat: Chunk             ||     2
       Ration            ||     1
Armor: Robe              ||    11
Dodge: Dodged            ||    29
